AoeStats
← joaqo9909

Baltic

510420055Analyzed
4v4 RM · 12h ago on Sep 30, 2026· 37m 46s· 8 players
Game mode
Random Map
Map size
Large (8 player)
Population
200
Speed
Normal
Resources
Standard
Victory
Conquest
Starting age
Dark Age
Ending age
Imperial Age
RankedLock teamsTeams togetherTeam positionsShared explorationLock speedFull tech treeHidden civsTurbo modeCheats
Victory
Defeat
🇺🇸 Tatars · United States
1037
+14
🇻🇪 Magyars · Venezuela
1017
+15
🇦🇷 Poles · Argentina
964
+17
🇳🇱 Gurjaras · Netherlands
908
+21
🇨🇳 Magyars · China
1019
-18
🇺🇸 Vietnamese · United States
1000
-51
🇨🇳 Portuguese · China
988
-16
🇺🇸 Danes · United States
981
-16
Frito
10:01 Loom
12:26 Feudal Age
12:58 Double-Bit Axe
15:04 Fishing Lines
20:57 Castle Age
19:44 Scale Mail Armor
19:35 Fletching
19:56 Forging
19:46 Padded Archer Armor
19:53 Stone Mining
19:59 Gold Mining
20:49 Man-at-Arms
21:15 Arson
22:18 Iron Casting
21:43 Bodkin Arrow
21:36 Horse Collar
21:52 Gillnets
22:46 Bow Saw
23:01 Heavy Plow
24:03 Medium Warships
24:01 Long Swordsman
25:31 Pikeman
27:31 Elite Skirmisher
29:15 Ballistics
29:38 Padded Archer Armor
30:07 Squires
31:04 Thumb Ring
33:00 Chain Mail Armor
33:00 Leather Archer Armor
32:16 Crossbowman
merakudo
18:05 Feudal Age
21:14 Wheelbarrow
20:25 Town Watch
20:40 Horse Collar
26:36 Forging
26:17 Fletching
29:14 Man-at-Arms
31:48 Scale Mail Armor
开局一片田
2026
1:14 Loom
11:17 Feudal Age
16:18 Castle Age
18:02 Town Watch
18:43 Horse Collar
bjharris17
10:57 Feudal Age
17:17 Castle Age
17:03 Double-Bit Axe
18:02 Horse Collar
18:37 Bow Saw
22:00 Loom
26:09 Fletching
28:09 Bloodlines
28:48 Ballistics
31:42 Bodkin Arrow
31:47 Padded Archer Armor
34:23 Imperial Age
33:44 Leather Archer Armor
33:40 Forging
33:36 Scale Barding Armor
34:57 Wheelbarrow
34:36 Heavy Plow
36:20 Bracer
36:21 Scale Mail Armor
Reblieble
0:27 Loom
10:49 Feudal Age
12:42 Wheelbarrow
11:50 Horse Collar
12:03 Double-Bit Axe
12:58 Wheelbarrow
18:32 Castle Age
17:06 Gold Mining
17:35 Stone Mining
18:30 Forging
18:21 Scale Mail Armor
27:49 Heavy Plow
30:36 Iron Casting
30:16 Chain Mail Armor
30:40 Hand Cart
34:14 Imperial Age
31:52 Kshatriyas
31:37 Arson
34:15 Elite Chakram Thrower
joaqo9909
10:33 Feudal Age
11:17 Double-Bit Axe
13:48 Loom
15:36 Horse Collar
19:06 Castle Age
20:41 Heavy Plow
24:01 Wheelbarrow
24:03 Bloodlines
26:11 Husbandry
29:39 Hand Cart
30:10 Forging
30:02 Scale Mail Armor
30:08 Scale Barding Armor
33:40 Imperial Age
31:52 Iron Casting
31:27 Scale Barding Armor
33:24 Chain Mail Armor
34:00 Elite Obuch
35:47 Blast Furnace
36:57 Plate Mail Armor
the King
0:34 Loom
13:26 Feudal Age
18:07 Castle Age
16:42 Double-Bit Axe
16:40 Horse Collar
18:20 Stone Mining
21:54 Corvinian Army
25:01 Heavy Plow
28:56 Fletching
29:07 Padded Archer Armor
30:31 Bodkin Arrow
33:25 Imperial Age
34:08 Scale Barding Armor
34:45 Wheelbarrow
34:47 Conscription
36:43 Chain Barding Armor
36:49 Hand Cart
Connection lost

Rejoining the realm…

Still unreachable

The connection could not be restored.

Session expired

The server has moved on; the page needs a fresh start.